 Dungeon Crawl Stone Soup version 0.20.1-1-g8b1a95d (webtiles) character file.

256 ReignOfFire the Slasher (level 5, 0/39 HPs)
             Began as a Demonspawn Gladiator on July 26, 2017.
             Slain by an orc
             ... wielding a +2 trident of venom
              (4 damage)
             ... on level 3 of the Dungeon.
             The game lasted 00:04:50 (3377 turns).

ReignOfFire the Slasher (Demonspawn Gladiator)      Turns: 3377, Time: 00:04:52

Health: 0/39       AC:  7    Str: 14    XL:     5   Next: 92%
Magic:  5/5        EV: 11    Int: 10    God:
Gold:   182        SH:  0    Dex: 15    Spells: 4/4 levels left

rFire    + . .     SeeInvis .   a - +0 long sword
rCold    . . .     Gourm    .   (no shield)
rNeg     . . .     Faith    .   z - +0 scale mail
rPois    .         Spirit   .   c - +0 helmet
rElec    .         Reflect  .   (no cloak)
rCorr    .         Harm     .   (no gloves)
MR       .....                  (no boots)
Stlth    ..........             (no amulet)
Regen    0.2/turn               i - ring of wizardry
MPRegen  0.1/turn               (no ring)

@: lethally poisoned (0 -> -50)
A: hooves 2, fire resistance 1
a: no special abilities


You were on level 3 of the Dungeon.
You were not hungry.

You visited 1 branch of the dungeon, and saw 3 of its levels.

You collected 182 gold pieces.

Inventory:

Hand Weapons
 a - a +0 long sword (weapon)
Missiles
 d - 3 throwing nets (quivered)
Armour
 b - a +0 leather armour
 c - a +0 helmet (worn)
 l - a +1 hat
 z - a +0 scale mail (worn)
Jewellery
 i - a ring of wizardry (left hand)
 r - an uncursed amulet of regeneration
Scrolls
 e - 5 scrolls of teleportation {unknown}
 g - 2 scrolls of magic mapping {unknown}
 h - 3 scrolls of remove curse {unknown}
 k - a scroll of noise {unknown}
 t - a scroll of immolation {unknown}
 x - a scroll of amnesia {unknown}
 y - a scroll of identify {unknown}
Potions
 n - a potion of resistance {unknown}
 o - a potion of brilliance {unknown}
 p - a potion of ambrosia {unknown}
 s - a potion of flight {unknown}
 u - 2 potions of lignification {unknown}
 v - a potion of curing {unknown}
 w - a potion of berserk rage {unknown}
Comestibles
 f - 4 bread rations
 j - 3 meat rations
 m - a chunk of flesh
 q - 3 royal jellies


   Skills:
 + Level 2.7 Fighting
 + Level 4.7 Long Blades
 + Level 1.9 Throwing
 + Level 1.7 Armour
 + Level 3.5 Dodging
 + Level 0.4 Stealth


You had 4 spell levels left.
You didn't know any spells.

Dungeon Overview and Level Annotations

Branches:
Dungeon (3/15)

Altars:
Ashenzari
Nemelex Xobeh
Sif Muna


Innate Abilities, Weirdness & Mutations

You have hoof-like feet.
Your flesh is heat resistant. (rF+)


Message History

Unknown command.
You hit the orc but do no damage.
You feel very sick. The orc closely misses you.
Your scale mail prevents you from hitting the orc.
You feel sick. The orc hits you but does no damage.
You are more poisoned.
You hit the orc but do no damage.
You feel very sick.
The orc hits you with a trident of venom.
* * * LOW HITPOINT WARNING * * *
You are more poisoned.
You hit the orc.
The orc is heavily wounded.
* * * LOW HITPOINT WARNING * * *
You feel very sick. The orc hits you but does no damage.
You are more poisoned.
The orc hits you with a trident of venom.
You die...

†..##.#.########...##..# #......
......#.##....(.......## #..<...
#..###.....#####.###..# #......
...##..##### ##.###..#####......
#.....## #..##......).......
.....#### #.###......##......
.###....#######.##..###.###......
.....................##...#......
#..............o@....##.......###
#.##.#####......))............#
#.##.## #.###.>.#####........#
#.##..####...#..## ##.......#
#.###...####....# ######### #.#
###.# ##..#.# #.# #.###...#.# #.#
#..#..#...# .^# ##...####.##


You could see an orc.

Vanquished Creatures
  2 orc priests
  3 gnolls
  7 adders
  3 worms
  A dart slug (D:2)
  5 leopard geckos
  8 orcs
  5 giant cockroaches
  7 goblins
  9 hobgoblins
  4 jackals (D:1)
  2 ball pythons (D:3)
  7 bats
  2 frilled lizards (D:2)
  9 kobolds
  15 rats
89 creatures vanquished.

Notes
Turn   | Place    | Note
-------+----------+-------------------------------------------
     0 | D:1      | ReignOfFire the Demonspawn Gladiator began the quest for the Orb.
     0 | D:1      | Reached XP level 1. HP: 16/16 MP: 1/1
    59 | D:1      | Found a sparkling altar of Nemelex Xobeh.
   154 | D:1      | Gained mutation: Your flesh is heat resistant. (rF+) [demonic ancestry]
   154 | D:1      | Reached XP level 2. HP: 20/22 MP: 2/2
   231 | D:1      | Reached skill level 3 in Long Blades
   867 | D:2      | Gained mutation: You have large cloven feet. [demonic ancestry]
   867 | D:2      | Reached XP level 3. HP: 22/27 MP: 3/3
  1389 | D:2      | Reached XP level 4. HP: 21/34 MP: 4/4
  1653 | D:2      | Found a shattered altar of Ashenzari.
  1654 | D:2      | Found a deep blue altar of Sif Muna.
  1977 | D:2      | Reached skill level 1 in Armour
  2472 | D:3      | Reached skill level 4 in Long Blades
  2473 | D:3      | Gained mutation: You have hoof-like feet. [demonic ancestry]
  2473 | D:3      | Reached XP level 5. HP: 23/39 MP: 5/5
  3377 | D:3      | Slain by an orc

Skill      XL: |  1  2  3  4 |
---------------+-------------+-----
Long Blades    | 3 4 |  4.7
Dodging        | 3 |  3.5
Armour         | 1 |  1.7
Fighting       | |  2.7
Throwing       | |  1.9
Stealth        | |  0.4

Action                   |  1- 3 |  4- 6 || total
-------------------------+-------+-------++-------
Melee: Long sword        |    98 |   126 ||   224
       Kick              |    10 |    50 ||    60
 Stab: Sleeping          |     2 |       ||     2
  Eat: Chunk             |     2 |     6 ||     8
Armor: Leather armour    |    33 |    38 ||    71
       Scale mail        |       |     9 ||     9
Dodge: Dodged            |    78 |   117 ||   195
       Rpst.: Long sword |    12 |    39 ||    51
